Map: Blackpink LE

Players

Sioras

  • Race: Zerg Zerg
  • League: Master
  • Spawn Location: 1:00

uThermal - Winner!

  • Race: Terran Terran
  • Spawn Location: 7:00

Event: WESG 2017 Haikou

VOD

Have the link to the VOD?

Description

Time

  • Played on: March 15, 2018, 5:23 a.m.
  • Length: 9:27

All games in this series

Show
View Real Time Build Order
Export as new Build Order

Sioras Zerg 

Build Orders: Pool First, Muta Ling Bane, Zergling Baneling 

Get SALT Encoding   

  12  0:01  Drone  
  13  0:08  Drone  
  14  0:17  Overlord  
  14  0:23  Drone, Extractor  
  16  0:35  Drone x2  
  17  0:44  Spawning Pool  
  17  0:48  Drone  
  17  1:08  Hatchery  
  17  1:11  Drone  
  17  1:13  Extractor  
  17  1:15  Drone  
  17  1:19  Drone  
  18  1:30  Queen  
  18  1:32  Zergling x2  
  21  1:39  Overlord  
  21  1:48  Drone  
  22  1:59  Drone  
  23  2:06  Queen  
  25  2:10  Zergling x2  
  25  2:13  Metabolic Boost  
  26  2:19  Queen  
  26  2:20  Drone  
  29  2:29  Drone  
  30  2:41  Drone x2  
  30  2:42  Drone  
  32  2:50  Overlord  
  32  2:53  Zergling x2  
  32  2:54  Drone  
  32  2:55  Queen  
  36  3:09  Drone x2  
  36  3:11  Drone  
  39  3:14  Drone x2  
  41  3:29  Spore Crawler  
  41  3:31  Drone x2  
  43  3:35  Overlord  
  43  3:36  Drone  
  43  3:39  Extractor  
  43  3:40  Zergling x2  
  44  3:41  Baneling Nest  
  44  3:42  Zergling x2  
  44  3:44  Overlord x2  
  44  3:46  Hatchery  
  43  3:49  Zergling x2  
  43  3:52  Hatchery  
  43  3:55  Zergling x4  
  46  4:07  Zergling x4  
  48  4:10  Zergling x10  
  53  4:24  Baneling x8  
  53  4:25  Zergling x4  
  55  4:31  Zergling x4  
  55  4:33  Queen  
  59  4:38  Zergling x2  
  59  4:39  Zergling x6  
  62  4:46  Zergling x2  
  62  4:50  Spore Crawler  
  62  4:51  Spore Crawler  
  53  5:01  Zergling x2  
  53  5:02  Zergling x6  
  51  5:07  Zergling x6  
  51  5:11  Zergling x4  
  53  5:14  Lair  
  53  5:18  Drone  
  54  5:22  Drone  
  54  5:24  Drone  
  54  5:28  Drone x3  
  57  5:34  Drone  
  60  5:37  Drone  
  60  5:39  Drone  
  61  5:43  Spore Crawler  
  61  5:45  Drone x4  
  61  5:49  Drone, Extractor  
  64  5:51  Drone  
  64  5:56  Overlord  
  65  5:57  Drone x2  
  67  6:08  Drone x3  
  67  6:10  Evolution Chamber  
  69  6:15  Drone, Spire  
  69  6:17  Centrifical Hooks  
  69  6:20  Drone x2  
  69  6:25  Drone x2  
  73  6:27  Overlord, Extractor  
  73  6:30  Overlord  
  72  6:33  Baneling x4  
  72  6:34  Baneling  
  72  6:37  Zergling x2  
  73  6:44  Zerg Ground Armor Level 1  
  73  6:47  Overlord  
  73  7:01  Drone x2  
  75  7:03  Drone  
  75  7:04  Overlord  
  77  7:08  Drone x7  
  77  7:09  Drone, Extractor  
  77  7:11  Overlord x2  
  77  7:12  Zergling x2  
  77  7:13  Zergling x8  
  88  7:22  Queen  
  90  7:40  Baneling  
  90  7:41  Baneling  
  90  7:42  Mutalisk x7  
  104  7:46  Mutalisk  
  106  7:55  Mutalisk  
  106  7:56  Zergling x2  
  106  7:57  Zergling x18  
  115  8:02  Mutalisk  
  115  8:05  Zergling x8  
  121  8:12  Zergling x2  
  120  8:20  Zergling x2  
  120  8:25  Overlord  
  118  8:29  Zergling x10  
  117  8:35  Zergling x8  
  117  8:38  Overlord  
  120  8:41  Overlord  
  120  8:42  Overlord  
  120  8:44  Mutalisk x3  
  120  8:46  Baneling x12  
  120  8:48  Zergling x2  
  126  8:53  Zergling x6  
  126  8:55  Hatchery  
  128  8:58  Zergling x10  
  133  9:03  Zergling x2  
Show
View Real Time Build Order
Export as new Build Order

uThermal Terran - Winner!

Build Orders: Reaper Expand, MMM Bio 

Get SALT Encoding   

  12  0:01  SCV  
  13  0:13  SCV  
  14  0:18  Supply Depot  
  14  0:25  SCV  
  15  0:40  SCV  
  15  0:41  Barracks  
  16  0:46  Refinery  
  16  0:52  SCV  
  17  1:04  SCV  
  18  1:16  SCV  
  19  1:28  Reaper  
  19  1:29  Orbital Command  
  20  1:39  Command Center  
  20  1:47  Supply Depot  
  20  1:54  SCV  
  20  2:00  Marine  
  22  2:06  SCV  
  23  2:09  Factory  
  23  2:13  Refinery  
  23  2:18  SCV  
  23  2:22  Barracks Reactor  
  24  2:30  SCV  
  25  2:43  SCV  
  25  2:53  Starport  
  25  2:55  SCV  
  26  3:00  Orbital Command  
  26  3:04  Barracks Tech Lab  
  26  3:05  Hellion x2  
  30  3:07  SCV  
  31  3:19  Supply Depot  
  32  3:20  SCV  
  32  3:27  Hellion x2, SCV  
  37  3:32  SCV  
  38  3:37  Banshee  
  38  3:40  SCV  
  42  3:44  SCV  
  43  3:52  Command Center  
  43  3:54  SCV  
  44  3:56  SCV  
  44  3:57  Barracks Tech Lab  
  45  4:02  Factory Reactor  
  45  4:06  SCV  
  45  4:08  SCV  
  47  4:12  Barracks  
  47  4:16  Marine, Stimpack  
  48  4:18  SCV  
  48  4:20  SCV  
  50  4:25  Supply Depot  
  50  4:26  Barracks  
  50  4:30  SCV  
  51  4:32  SCV  
  51  4:33  Starport Reactor  
  51  4:34  Marine  
  53  4:40  Engineering Bay  
  53  4:42  SCV  
  53  4:43  Engineering Bay  
  54  4:47  SCV  
  54  4:49  Supply Depot  
  54  4:52  Marine  
  53  5:03  Marine, SCV x2  
  53  5:04  Supply Depot  
  53  5:05  Supply Depot  
  53  5:12  Siege Tank, Marine  
  53  5:13  Orbital Command  
  54  5:15  SCV x2  
  54  5:19  Terran Infantry Weapons Level 1  
  54  5:20  Terran Infantry Armor Level 1  
  56  5:22  Marine  
  56  5:26  Marine  
  56  5:27  SCV x2  
  56  5:28  Marine  
  61  5:29  Marine x2  
  61  5:33  Refinery  
  61  5:35  Refinery  
  63  5:39  SCV  
  63  5:40  Marine  
  63  5:41  SCV x2  
  67  5:43  Marine, Medivac  
  67  5:45  Medivac  
  67  5:46  Marine  
  73  5:51  Supply Depot  
  73  5:52  Supply Depot, Orbital Command, SCV  
  73  5:53  Marine  
  73  5:56  Marine  
  76  5:58  SCV  
  76  5:59  Marine  
  76  6:01  Marine  
  76  6:04  Marine, SCV  
  80  6:05  Siege Tank  
  84  6:11  Marine  
  84  6:13  Supply Depot, SCV  
  84  6:14  Marine  
  84  6:17  Marine  
  84  6:18  Combat Shields, SCV x2  
  90  6:19  Marine  
  90  6:20  Medivac  
  90  6:24  Marine  
  90  6:25  Supply Depot, SCV  
  94  6:30  Supply Depot, SCV  
  94  6:32  Marine  
  96  6:35  SCV  
  96  6:36  Supply Depot  
  96  6:37  SCV  
  99  6:40  Marine  
  99  6:41  Marine  
  99  6:42  Armory, SCV  
  99  6:43  Marine  
  103  6:47  Supply Depot  
  103  6:48  Marine, SCV  
  105  6:56  Marine  
  105  6:57  Marine, Medivac  
  105  6:58  Barracks  
  105  6:59  Barracks  
  107  7:03  Factory  
  107  7:06  SCV x2, Refinery x2  
  109  7:09  Siege Tank  
  109  7:10  Marine  
  109  7:12  Marine x2  
  115  7:17  SCV  
  115  7:18  Marine, SCV  
  115  7:20  Marine  
  115  7:21  Medivac  
  121  7:24  SCV  
  121  7:29  Supply Depot, SCV  
  123  7:30  SCV  
  123  7:32  Marine x2  
  123  7:33  Marine  
  123  7:35  Supply Depot  
  127  7:38  SCV  
  127  7:39  Marine  
  127  7:43  Siege Tank  
  132  7:46  Supply Depot  
  132  7:47  Factory Tech Lab  
  132  7:50  Barracks Reactor  
  132  7:53  Barracks Reactor, Supply Depot  
  132  7:54  Supply Depot  
  132  7:55  Marine x2  
  132  7:56  Marine x2  
  134  8:00  Marine  
  135  8:13  Marine x2  
  135  8:16  Siege Tank, Marine x2  
  135  8:18  Marine  
  143  8:23  Command Center  
  143  8:26  Supply Depot  
  143  8:27  Supply Depot  
  141  8:31  Marine x2, Missile Turret  
  141  8:33  Missile Turret  
  141  8:34  Marine x4, Missile Turret  
  128  8:37  Medivac  
  128  8:39  Medivac  
  134  8:41  Marine x3  
  132  8:49  Marine x2  
  138  9:02  Marine  
  145  9:06  Marine x4  
  145  9:07  Marine  
Tags
 
Add a new tag
Caveats
  • Supply blocks, unpowered buildings, or Contaminate may cause inaccurate times.
  • Supply counts are checked every 10 seconds.